 Dungeon Crawl Stone Soup version 0.29.0-4-gdea44cf6ec (webtiles) character file.

Game seed: 12584974461928466655

18704 qw the Severer (level 12, -22/126 HPs)
             Began as a Minotaur Berserker on Sept 9, 2022.
             Was a High Priest of Trog.
             Succumbed to poison (dark miasma)
             ... in a Gauntlet.
             The game lasted 00:04:19 (12406 turns).

qw the Severer (Minotaur Berserker)                Turns: 12406, Time: 00:04:19

Health: -22/126    AC: 19    Str: 27    XL:     12   Next: 30%
Magic:  11/11      EV: 17    Int:  4    God:    Trog [*****.]
Gold:   773        SH:  9    Dex: 10    Spells: 11/11 levels left

rFire   . . .      SeeInvis .   Y - +1 war axe (flame)
rCold   . . .      Faith    .   d - +0 buckler
rNeg    . . .      Spirit   .   i - +0 plate armour
rPois   .          Reflect  +   e - +0 hat of Gong {Str+2 Slay+2}
rElec   .          Harm     .   (no cloak)
rCorr   .          Rampage  .   a - +1 pair of gloves
Will    .....      NoTele   +   o - +0 pair of boots
Stlth   ..........              r - amulet of reflection
HPRegen 0.31/turn               f - +4 ring of evasion
MPRegen 0.12/turn               p - +4 ring of evasion

@: lethally poisoned (-22 -> -138), on berserk cooldown, slowed, very slow
A: horns 2, retaliatory headbutt, sense surroundings 1, robust 1, weak 1
a: Renounce Religion, Berserk, Trog's Hand, Brothers in Arms


You were in a Gauntlet.
You worshipped Trog.
Trog was extremely pleased with you.
You visited 2 branches of the dungeon, and saw 12 of its levels.
You also visited: Sewer, Ossuary and Gauntlet.

You collected 773 gold pieces.


Innate Abilities, Weirdness & Mutations

You have a pair of horns on your head.
You reflexively headbutt those who attack you in melee.
You passively map a small area around you.
You are robust. (+10% HP)
You are weak. (Str -2)


   Skills:
 - Level 13.5 Fighting
 - Level 16.0 Axes
 - Level 3.4 Throwing
 - Level 12.0 Armour
 - Level 5.4 Dodging
 + Level 4.7 Shields


You had 11 spell levels left.
You didn't know any spells.
Your spell library was empty.

Inventory:

Hand Weapons
 Y - a +1 war axe of flaming (weapon)
Missiles
 n - 2 boomerangs (quivered)
 t - 2 javelins
Armour
 a - a +1 pair of gloves (worn)
 d - a +0 buckler (worn)
 e - the +0 hat of Gong (worn) {Str+2 Slay+2}
   (You acquired it on level 7 of the Dungeon)

   Str:       It affects your strength (+2).
   Slay:      It affects your accuracy & damage with ranged weapons and melee
   (+2).
 i - a +0 plate armour (worn)
 o - a +0 pair of boots (worn)
Jewellery
 f - a +4 ring of evasion (left hand)
 p - a +4 ring of evasion (right hand)
 r - an amulet of reflection (around neck)
Scrolls
 g - 4 scrolls of identify
 k - 4 scrolls of teleportation
Potions
 b - a potion of cancellation
 c - 3 potions of heal wounds
 h - 3 potions of might
 j - a potion of mutation
 l - 3 potions of curing
 q - 2 potions of haste

Dungeon Overview and Level Annotations

Branches:
Dungeon (10/15)            Temple (0/1) D:7            Lair (2/5) D:10
  Sewer (visited)         Ossuary (visited)         Gauntlet (1/1)
  Swamp: Lair:2-3    Shoals: Lair:2-3     Snake: Lair:2-3    Spider: Lair:2-3
    Orc: D:9-12

Altars:
Elyvilon
Fedhas
Okawaru
Uskayaw
Wu Jian
Yredelemnul

Shops:
D:9 :

Annotations:
D:9 4 runed translucent doors Gauntlet 11 transporters


Message History

You feel extremely sick.
The centaur warrior zombie hits you but does no damage.
You block the centaur warrior zombie's attack.
The death drake bites you but does no damage.
You block the death drake's attack. The centaur warrior zombie hits you!
The centaur warrior zombie kicks you but does no damage.
You slash the death drake! You burn the death drake.
The death drake is severely wounded.
You slice the centaur warrior zombie!! You burn the centaur warrior zombie.
You feel very sick.
You slash the centaur warrior zombie! You burn the centaur warrior zombie.
You destroy the centaur warrior zombie!
Trog accepts your kill.
You slash the death drake! You burn the death drake.
You feel very sick. The death drake breathes miasma at you.
The foul vapour engulfs you but does no damage.
You chop the death drake into pieces!!! You burn the death drake.
You kill the death drake!
Trog accepts your kill.
You are engulfed in dark miasma.
You are lethally poisoned!
You feel extremely sick.
Your Shields skill increases to level 4!
You're standing in a cloud of foul pestilence!
You are engulfed in dark miasma.
You are more poisoned.
You feel yourself slow down.
You feel extremely sick.
You're standing in a cloud of foul pestilence!
You feel a strong urge to attack something.
You are engulfed in dark miasma.
You are more poisoned.
You feel extremely sick.
You're standing in a cloud of foul pestilence!
You are engulfed in dark miasma.
You are more poisoned.
You are no longer berserk.
You are exhausted.
You feel as though you will be slow longer.
You die...

........¤¤.¤..#.^.#.....#8#
########...###########..###
)=^....#...#[[#.^.#$.#..#
..8###.#...##..#.#..##..###
.#...#.#...#.#..#..#.#..#8#
.###...#...#..#...#..#..###
..^###.#...##..#.#..##..#
.#...#.#...#.#.0#00#.#..###
.###...#...#..#0@0#..#..#8#
...###k#.\.#..0#0#0..#..###
......k#...#...0#....#..#
########...###########..###
..^.............^.......#8#
........~\~............~###
#########################
#8# #8# #8# #8# #8# #8# ###
### ### ### ### ###


There were no monsters in sight!

Vanquished Creatures
  2 hydras
  A two-headed ogre (D:9)
  A death yak (Lair:1)
  A death drake (Gauntlet)
  Pikel (D:4)
  2 centaur zombies (Gauntlet)
  A spectral centaur (Gauntlet)
  A black mamba (Lair:1)
  2 rime drakes (Lair:1)
  A komodo dragon (Lair:1)
  Grinder (D:4)
  A troll (D:9)
  A spectral meliai (Gauntlet)
  A wyvern (D:7)
  31 yaks
  A wraith (D:10)
  2 steam dragons
  Menkaure (D:6)
  An acid dragon (D:10)
  5 water moccasins
  4 ice beasts
  4 orc warriors
  2 sky beasts
  A black bear (D:6)
  4 wolves (Lair:1)
  2 centaurs
  2 ogres
  A phantom (D:5)
  Blork the orc (D:4)
  10 bullfrogs
  3 kobold brigands
  3 necrophages
  10 scorpions
  3 water moccasin zombies (Ossuary)
  10 wights
  A howler monkey (D:8)
  3 hounds
  3 quasits (D:5)
  A jelly (D:6)
  3 orc priests
  A gnoll bouda (D:5)
  5 iguanas
  7 orc wizards
  5 hell rats (Lair:1)
  2 mummies (Ossuary)
  4 gnolls (D:5)
  15 adders
  A river rat (Sewer)
  6 shadow imps
  5 white imps
  An adder zombie (Ossuary)
  2 worms (Sewer)
  A dart slug (D:1)
  37 orcs
  9 bats
  8 endoplasms
  6 giant cockroaches
  3 goblins
  6 hobgoblins
  6 jackals
  19 kobolds
  A quokka (Sewer)
  11 ball pythons
  8 frilled lizards
  3 gnoll zombies (Ossuary)
  10 hobgoblin zombies (Ossuary)
  4 kobold zombies (Ossuary)
  8 orc zombies (Ossuary)
  3 rats
  A spectral orc (D:4)
327 creatures vanquished.

Vanquished Creatures (collateral kills)
  Harold (D:9)
  A hydra (Lair:1)
  2 yaks (Lair:1)
  A bullfrog (D:9)
  A hell rat (Lair:1)
6 creatures vanquished.

Vanquished Creatures (others)
  5 demonic plants (Gauntlet)
  2 fungi (Lair:1)
  2 plants (Lair:1)
  14 withered plants (Gauntlet)
23 creatures vanquished.

Grand Total: 356 creatures vanquished

Notes
Turn   | Place    | Note
-------+----------+-------------------------------------------
     0 | D:1      | qw the Minotaur Berserker began the quest for the Orb.
     0 | D:1      | Reached XP level 1. HP: 19/19 MP: 0/0
     0 | D:1      | 0 ||| qw: Version: 0.1-a-113-g051387a
     0 | D:1      | 0 ||| qw: Game counter: 7166
     0 | D:1      | 0 ||| qw: Always use a shield: true
     0 | D:1      | 0 ||| qw: Do Orc after D:15 true
     0 | D:1      | 0 ||| qw: Do second Lair branch before Depths: true
     0 | D:1      | 0 ||| qw: Lair rune preference: random
     0 | D:1      | 0 ||| qw: Plans: Normal
     0 | D:1      | 0 ||| PLANNING D:1-11
    41 | D:1      | 41 ||| Stepping ~*~*~tactically~*~*~ (stealth).
    45 | D:1      | 45 ||| Stepping ~*~*~tactically~*~*~ (stealth).
    92 | D:1      | 92 ||| Stepping ~*~*~tactically~*~*~ (stealth).
    96 | D:1      | Reached skill level 4 in Axes
   273 | D:1      | Reached XP level 2. HP: 26/26 MP: 1/1
   479 | D:1      | 479 ||| Stepping ~*~*~tactically~*~*~ (stealth).
   867 | D:1      | 867 ||| UPGRADING to +0 scale mail.
   877 | D:1      | 877 ||| DROPPING +0 animal skin.
   878 | D:1      | 878 ||| UPGRADING to amulet of guardian spirit.
   883 | D:1      | 883 ||| READING scroll labelled CALAYT TESTA.
   884 | D:1      | 884 ||| READING 2 scrolls labelled VAN XYTHES.
  1018 | D:2      | 1018 ||| Stepping ~*~*~tactically~*~*~ (stealth).
  1031 | D:2      | Reached skill level 5 in Axes
  1046 | D:2      | Reached XP level 3. HP: 31/31 MP: 2/2
  1095 | D:2      | 1095 ||| DROPPING +0 club.
  1260 | D:2      | Found an iron altar of Okawaru.
  1300 | D:2      | Found a faded altar of an unknown god.
  1319 | D:2      | 1319 ||| UPGRADING to +0 chain mail.
  1329 | D:2      | 1329 ||| DROPPING +0 scale mail.
  1330 | D:2      | 1330 ||| UPGRADING to +4 ring of evasion.
  1331 | D:2      | 1331 ||| READING scroll labelled YNIDAQ FANAJYF.
  1332 | D:2      | 1332 ||| READING 2 scrolls labelled KUDGHU SOIJOMP.
  1333 | D:2      | 1333 ||| DROPPING scroll of immolation.
  1363 | D:3      | 1363 ||| PLANNING SEWER
  1553 | D:3      | Found a glowing drain.
  1554 | D:3      | 1554 ||| DROPPING amulet of magic regeneration.
  1555 | D:3      | 1555 ||| READING 3 scrolls labelled IFYIRINUHI.
  1556 | D:3      | 1556 ||| DROPPING 2 scrolls of poison.
  1557 | D:3      | 1557 ||| Stepping randomly (stuck).
  1558 | D:3      | 1558 ||| Stepping ~*~*~tactically~*~*~ (cloud).
  1566 | D:3      | HP: 7/31 [poisoned by you (poison gas)]
  1822 | D:3      | Reached skill level 6 in Axes
  1822 | D:3      | Reached XP level 4. HP: 20/39 MP: 1/3
  1999 | Sewer    | Entered a sewer
  2007 | Sewer    | Reached ** piety under Trog
  2072 | Sewer    | 2072 ||| Stepping ~*~*~tactically~*~*~ (water).
  2114 | Sewer    | 2114 ||| Stepping ~*~*~tactically~*~*~ (water).
  2125 | Sewer    | 2125 ||| Stepping ~*~*~tactically~*~*~ (water).
  2158 | Sewer    | Reached skill level 7 in Axes
  2158 | Sewer    | Reached XP level 5. HP: 36/45 MP: 4/4
  2280 | Sewer    | 2280 ||| Stepping ~*~*~tactically~*~*~ (water).
  2382 | Sewer    | 2382 ||| Stepping ~*~*~tactically~*~*~ (water).
  2574 | Sewer    | 2574 ||| READING scroll labelled IFINU YNLEOT.
  2575 | Sewer    | 2575 ||| READING scroll labelled ULAYFI AHUINN.
  2576 | Sewer    | 2576 ||| READING 3 scrolls of identify.
  2576 | Sewer    | 2576 ||| IDENTIFYING metallic grey potion
  2577 | Sewer    | 2577 ||| DRINKING potion of experience.
  2577 | Sewer    | Reached skill level 15 in Axes
  2577 | Sewer    | Reached XP level 6. HP: 52/52 MP: 5/5
  2578 | Sewer    | 2578 ||| READING 2 scrolls of identify.
  2578 | Sewer    | 2578 ||| IDENTIFYING clear potion
  2579 | Sewer    | 2579 ||| DROPPING potion of flight.
  2580 | Sewer    | 2580 ||| DROPPING potion of invisibility.
  2603 | D:3      | 2603 ||| PLANNING D:1-11
  2766 | D:3      | 2766 ||| Stepping ~*~*~tactically~*~*~ (stealth).
  3118 | D:3      | Found a white marble altar of Elyvilon.
  3119 | D:3      | 3119 ||| SWAPPING to +0 war axe.
  3120 | D:3      | 3120 ||| DROPPING +1 hand axe.
  3313 | D:3      | 3313 ||| READING 3 scrolls labelled JUSCHE BOFUA.
  3414 | D:3      | 3414 ||| DRINKING 2 puce potions.
  3415 | D:3      | 3415 ||| DRINKING 2 coppery potions.
  3516 | D:3      | 3516 ||| DROPPING potion of attraction.
  3517 | D:3      | 3517 ||| DROPPING 2 scrolls of silence.
  3518 | D:3      | 3518 ||| DROPPING potion of ambrosia.
  3594 | D:4      | Reached *** piety under Trog
  3630 | D:4      | 3630 ||| Stepping ~*~*~tactically~*~*~ (stealth).
  3632 | D:4      | 3632 ||| Stepping ~*~*~tactically~*~*~ (hiding).
  3635 | D:4      | 3635 ||| INVOKING Berserk.
  3643 | D:4      | Reached XP level 7. HP: 61/61 MP: 6/6
  3787 | D:4      | Noticed Blork the orc
  3788 | D:4      | 3788 ||| Stepping ~*~*~tactically~*~*~ (stealth).
  3800 | D:4      | Reached skill level 3 in Armour
  3808 | D:4      | 3808 ||| Stepping ~*~*~tactically~*~*~ (stealth).
  3810 | D:4      | 3810 ||| Stepping ~*~*~tactically~*~*~ (stealth).
  3814 | D:4      | 3814 ||| DROPPING +0 mace.
  3825 | D:4      | 3825 ||| Stepping ~*~*~tactically~*~*~ (stealth).
  3827 | D:4      | 3827 ||| Stepping ~*~*~tactically~*~*~ (stealth).
  3837 | D:4      | Noticed Pikel
  3843 | D:4      | 3843 ||| INVOKING Berserk.
  3846 | D:4      | Killed Pikel
  3847 | D:4      | Reached XP level 8. HP: 73/73 MP: 7/7
  3872 | D:4      | 3872 ||| Stepping ~*~*~tactically~*~*~ (hiding).
  3873 | D:4      | 3873 ||| Stepping ~*~*~tactically~*~*~ (hiding).
  3883 | D:4      | Killed Blork the orc
  3941 | D:4      | 3941 ||| Stepping ~*~*~tactically~*~*~ (stealth).
  3979 | D:4      | 3979 ||| Stepping ~*~*~tactically~*~*~ (stealth).
  3980 | D:4      | 3980 ||| Stepping ~*~*~tactically~*~*~ (stealth).
  3983 | D:4      | 3983 ||| Stepping ~*~*~tactically~*~*~ (stealth).
  3991 | D:4      | 3991 ||| DROPPING +0 flail.
  3996 | D:4      | Noticed Grinder
  3997 | D:4      | 3997 ||| INVOKING Trog's Hand.
  3998 | D:4      | 3998 ||| INVOKING Berserk.
  4005 | D:4      | Killed Grinder
  4011 | D:4      | 4011 ||| Stepping ~*~*~tactically~*~*~ (stealth).
  4308 | D:4      | Found a basalt altar of Yredelemnul.
  4462 | D:4      | 4462 ||| UPGRADING to +0 pair of boots.
  4467 | D:4      | 4467 ||| DROPPING amulet of faith.
  4468 | D:4      | 4468 ||| READING 3 scrolls labelled GARHA HOT.
  4469 | D:4      | 4469 ||| READING scroll labelled XOZIEPR XOAFF.
  4470 | D:4      | 4470 ||| READING scroll labelled BIBOMI ELLIBB.
  4471 | D:4      | 4471 ||| DRINKING 2 glowing pink potions.
  4471 | D:4      | Gained mutation: Armour fits poorly on your strangely
                  | shaped body. [potion of mutation]
  4471 | D:4      | Gained mutation: You have a beak for a mouth. [potion of
                  | mutation]
  4471 | D:4      | Gained mutation: You have a pair of large horns on your
                  | head. [potion of mutation]
  4472 | D:4      | 4472 ||| DRINKING potion of mutation.
  4472 | D:4      | Lost mutation: Armour fits poorly on your strangely shaped
                  | body. [potion of mutation]
  4472 | D:4      | Lost mutation: You have a beak for a mouth. [potion of
                  | mutation]
  4472 | D:4      | Gained mutation: You sometimes lose your temper in combat.
                  | [potion of mutation]
  4472 | D:4      | Gained mutation: Armour fits poorly on your strangely
                  | shaped body. [potion of mutation]
  4472 | D:4      | Lost mutation: You sometimes lose your temper in combat.
                  | [potion of mutation]
  4473 | D:4      | 4473 ||| DROPPING 2 scrolls of fog.
  4481 | D:5      | Entered Level 5 of the Dungeon
  4551 | D:5      | Found an ornate altar of the Wu Jian Council.
  4790 | D:5      | 4790 ||| Stepping ~*~*~tactically~*~*~ (stealth).
  4869 | D:5      | 4869 ||| FLEEEEING.
  4870 | D:5      | 4870 ||| FLEEEEING.
  4871 | D:5      | 4871 ||| FLEEEEING.
  4872 | D:5      | 4872 ||| FLEEEEING.
  4873 | D:5      | 4873 ||| FLEEEEING.
  4893 | D:5      | 4893 ||| INVOKING Berserk.
  5124 | D:5      | Reached XP level 9. HP: 82/82 MP: 8/8
  5217 | D:5      | 5217 ||| Stepping ~*~*~tactically~*~*~ (hiding).
  5218 | D:5      | 5218 ||| Stepping ~*~*~tactically~*~*~ (hiding).
  5676 | D:5      | 5676 ||| UPGRADING to ring of resist corrosion.
  5677 | D:5      | 5677 ||| READING scroll labelled COL APPEPSY.
  5678 | D:5      | 5678 ||| DRINKING 3 metallic green potions.
  5688 | D:6      | 5688 ||| STAIRDANCE
  5758 | D:6      | 5758 ||| STAIRDANCE
  5860 | D:6      | 5860 ||| Stepping ~*~*~tactically~*~*~ (hiding).
  5861 | D:6      | 5861 ||| Stepping ~*~*~tactically~*~*~ (stealth).
  5866 | D:6      | 5866 ||| Stepping ~*~*~tactically~*~*~ (stealth).
  5868 | D:6      | 5868 ||| INVOKING Berserk.
  5869 | D:6      | Reached **** piety under Trog
  5870 | D:6      | Reached skill level 3 in Dodging
  5874 | D:6      | Reached skill level 9 in Fighting
  6148 | D:6      | 6148 ||| Stepping ~*~*~tactically~*~*~ (stealth).
  6150 | D:6      | 6150 ||| Stepping ~*~*~tactically~*~*~ (hiding).
  6152 | D:6      | 6152 ||| Stepping ~*~*~tactically~*~*~ (hiding).
  6156 | D:6      | 6156 ||| Stepping ~*~*~tactically~*~*~ (hiding).
  6160 | D:6      | 6160 ||| Stepping ~*~*~tactically~*~*~ (hiding).
  6166 | D:6      | Noticed Menkaure
  6169 | D:6      | Paralysed by an orc wizard for 5 turns
  6175 | D:6      | 6175 ||| INVOKING Berserk.
  6177 | D:6      | Killed Menkaure
  6179 | D:6      | Reached skill level 6 in Armour
  6410 | D:6      | 6410 ||| DRINKING potion of mutation.
  6410 | D:6      | Lost mutation: Armour fits poorly on your strangely shaped
                  | body. [potion of mutation]
  6410 | D:6      | Lost mutation: You have a pair of large horns on your head.
                  | [potion of mutation]
  6410 | D:6      | Gained mutation: You do not regenerate when monsters are
                  | visible. [potion of mutation]
  6410 | D:6      | Gained mutation: You are weak. (Str -2) [potion of
                  | mutation]
  6410 | D:6      | Gained mutation: You have very sharp teeth. [potion of
                  | mutation]
  6411 | D:6      | 6411 ||| READING scroll of enchant weapon.
  6411 | D:6      | 6411 ||| ENCHANTING +0 vorpal war axe.
  6504 | D:6      | 6504 ||| INVOKING Berserk.
  6850 | D:6      | 6850 ||| UPGRADING to +0 pair of gloves.
  6855 | D:6      | 6855 ||| DRINKING 2 purple potions.
  6856 | D:6      | 6856 ||| READING 3 scrolls of identify.
  6856 | D:6      | 6856 ||| IDENTIFYING murky white potion
  6857 | D:6      | 6857 ||| READING 2 scrolls of identify.
  6857 | D:6      | 6857 ||| IDENTIFYING lumpy puce potion
  6858 | D:6      | 6858 ||| DROPPING potion of magic.
  6920 | D:7      | 6920 ||| INVOKING Berserk.
  7075 | D:7      | 7075 ||| Stepping ~*~*~tactically~*~*~ (hiding).
  7076 | D:7      | 7076 ||| Stepping ~*~*~tactically~*~*~ (hiding).
  7158 | D:7      | Reached skill level 16 in Axes
  7186 | D:7      | Found a staircase to the Ecumenical Temple.
  7196 | D:7      | 7196 ||| Stepping ~*~*~tactically~*~*~ (cloud).
  7199 | D:7      | 7199 ||| INVOKING Berserk.
  7398 | D:7      | Found a blossoming altar of Fedhas.
  7398 | D:7      | Found a hide-covered altar of Uskayaw.
  7569 | D:7      | 7569 ||| Stepping ~*~*~tactically~*~*~ (stealth).
  7572 | D:7      | 7572 ||| Stepping ~*~*~tactically~*~*~ (stealth).
  7647 | D:7      | 7647 ||| Stepping ~*~*~tactically~*~*~ (hiding).
  7649 | D:7      | 7649 ||| Stepping ~*~*~tactically~*~*~ (hiding).
  7652 | D:7      | 7652 ||| INVOKING Berserk.
  7817 | D:7      | Reached XP level 10. HP: 91/91 MP: 9/9
  8228 | D:7      | 8228 ||| UPGRADING to +3 chain mail.
  8238 | D:7      | 8238 ||| DROPPING +0 chain mail.
  8239 | D:7      | 8239 ||| UPGRADING to +4 ring of evasion.
  8241 | D:7      | 8241 ||| DROPPING ring of resist corrosion.
  8242 | D:7      | 8242 ||| READING scroll labelled QUININ RAYWON.
  8242 | D:7      | Identified a scroll of acquirement
  8242 | D:7      | 8242 ||| ACQUIRING +0 hat of Gong {Str+2 Slay+2}
  8242 | D:7      | Acquired the +0 hat of Gong {Str+2 Slay+2}
  8244 | D:7      | 8244 ||| UPGRADING to +0 hat of Gong {Str+2 Slay+2}.
  8249 | D:7      | 8249 ||| READING scroll labelled IXIUPYCWAR.
  8254 | D:7      | 8254 ||| DRINKING 2 metallic coppery potions.
  8255 | D:7      | 8255 ||| READING 2 scrolls of identify.
  8255 | D:7      | 8255 ||| IDENTIFYING sedimented ruby potion
  8256 | D:7      | 8256 ||| DROPPING potion of berserk rage.
  8286 | D:8      | 8286 ||| PLANNING OSSUARY
  8286 | D:8      | 8286 ||| STAIRDANCE
  8300 | D:8      | 8300 ||| Stepping ~*~*~tactically~*~*~ (hiding).
  8309 | D:8      | 8309 ||| INVOKING Berserk.
  8329 | D:8      | 8329 ||| DRINKING potion of curing.
  8329 | D:8      | 8329 ||| (to cure confusion)
  8340 | D:8      | 8340 ||| FLEEEEING.
  8343 | D:8      | 8343 ||| STAIRDANCE
  8503 | D:8      | 8503 ||| DRINKING potion of mutation.
  8503 | D:8      | Lost mutation: You have very sharp teeth. [potion of
                  | mutation]
  8503 | D:8      | Lost mutation: You do not regenerate when monsters are
                  | visible. [potion of mutation]
  8503 | D:8      | Gained mutation: You passively map a small area around you.
                  | [potion of mutation]
  8503 | D:8      | Gained mutation: You are robust. (+10% HP) [potion of
                  | mutation]
  8572 | D:8      | 8572 ||| Stepping ~*~*~tactically~*~*~ (hiding).
  8582 | D:8      | 8582 ||| Stepping ~*~*~tactically~*~*~ (stealth).
  8739 | D:8      | 8739 ||| Stepping ~*~*~tactically~*~*~ (stealth).
  8744 | D:8      | 8744 ||| Stepping ~*~*~tactically~*~*~ (stealth).
  8771 | D:8      | 8771 ||| FLEEEEING.
  8772 | D:8      | 8772 ||| FLEEEEING.
  8773 | D:8      | 8773 ||| FLEEEEING.
  8774 | D:8      | 8774 ||| FLEEEEING.
  8775 | D:8      | 8775 ||| FLEEEEING.
  8917 | D:8      | Found a sand-covered staircase.
  8918 | D:8      | 8918 ||| UPGRADING to +0 plate armour.
  8928 | D:8      | 8928 ||| DROPPING +3 chain mail.
  8929 | D:8      | 8929 ||| READING 2 scrolls of identify.
  8929 | D:8      | 8929 ||| IDENTIFYING sedimented inky potion
  8930 | D:8      | 8930 ||| DROPPING potion of brilliance.
  8938 | Ossuary  | Entered an ossuary
  8962 | Ossuary  | Reached ***** piety under Trog
  9070 | Ossuary  | 9070 ||| READING scroll of enchant armour.
  9070 | Ossuary  | 9070 ||| ENCHANTING +0 pair of gloves.
  9083 | Ossuary  | 9083 ||| READING 2 scrolls of identify.
  9083 | Ossuary  | 9083 ||| IDENTIFYING white potion
  9084 | Ossuary  | 9084 ||| DROPPING potion of lignification.
  9093 | D:8      | 9093 ||| PLANNING D:1-11
  9403 | D:9      | Found Cupn's Book Shoppe.
  9437 | D:9      | 9437 ||| Stepping ~*~*~tactically~*~*~ (stealth).
  9438 | D:9      | 9438 ||| INVOKING Berserk.
  9443 | D:9      | Noticed Harold
  9549 | D:9      | 9549 ||| DROPPING +4 flail.
  9564 | D:9      | Noticed an eight-headed hydra
  9568 | D:9      | 9568 ||| INVOKING Brothers in Arms.
  9570 | D:9      | 9570 ||| SWAPPING to +1 flail of protection.
  9571 | D:9      | 9571 ||| INVOKING Brothers in Arms.
  9572 | D:9      | 9572 ||| INVOKING Berserk.
  9576 | D:9      | Killed an eight-headed hydra
  9578 | D:9      | Killed Harold
  9579 | D:9      | Reached skill level 9 in Armour
  9579 | D:9      | Reached XP level 11. HP: 92/112 MP: 6/10
  9601 | D:9      | 9601 ||| SWAPPING to +1 vorpal war axe.
  9779 | D:9      | 9779 ||| Stepping ~*~*~tactically~*~*~ (stealth).
  9785 | D:9      | 9785 ||| INVOKING Berserk.
  9985 | D:9      | Found a huge runed translucent gate.
  9986 | D:9      | Found a huge runed translucent gate.
  9987 | D:9      | Found a huge runed translucent gate.
  9988 | D:9      | Found a huge runed translucent gate.
 10088 | D:9      | 10088 ||| Stepping ~*~*~tactically~*~*~ (stealth).
 10089 | D:9      | 10089 ||| Stepping ~*~*~tactically~*~*~ (stealth).
 10100 | D:9      | 10100 ||| Stepping ~*~*~tactically~*~*~ (stealth).
 10105 | D:9      | 10105 ||| Stepping ~*~*~tactically~*~*~ (stealth).
 10106 | D:9      | 10106 ||| Stepping ~*~*~tactically~*~*~ (stealth).
 10125 | D:9      | Noticed a two-headed ogre
 10129 | D:9      | 10129 ||| INVOKING Berserk.
 10131 | D:9      | Killed a two-headed ogre
 10393 | D:10     | Entered Level 10 of the Dungeon
 10415 | D:10     | 10415 ||| Stepping ~*~*~tactically~*~*~ (hiding).
 10537 | D:10     | 10537 ||| Stepping ~*~*~tactically~*~*~ (stealth).
 10538 | D:10     | 10538 ||| Stepping ~*~*~tactically~*~*~ (stealth).
 10546 | D:10     | 10546 ||| Stepping ~*~*~tactically~*~*~ (stealth).
 10548 | D:10     | 10548 ||| Stepping ~*~*~tactically~*~*~ (hiding).
 10552 | D:10     | 10552 ||| INVOKING Berserk.
 10556 | D:10     | Reached skill level 12 in Fighting
 10937 | D:10     | 10937 ||| Stepping ~*~*~tactically~*~*~ (stealth).
 10938 | D:10     | 10938 ||| Stepping ~*~*~tactically~*~*~ (stealth).
 10949 | D:10     | 10949 ||| FLEEEEING.
 10950 | D:10     | 10950 ||| FLEEEEING.
 10951 | D:10     | 10951 ||| FLEEEEING.
 10952 | D:10     | 10952 ||| FLEEEEING.
 10953 | D:10     | 10953 ||| FLEEEEING.
 10954 | D:10     | 10954 ||| FLEEEEING.
 10955 | D:10     | 10955 ||| FLEEEEING.
 10956 | D:10     | 10956 ||| FLEEEEING.
 10957 | D:10     | 10957 ||| FLEEEEING.
 10958 | D:10     | 10958 ||| FLEEEEING.
 10959 | D:10     | 10959 ||| FLEEEEING.
 11055 | D:10     | Found a staircase to the Lair.
 11077 | D:10     | 11077 ||| Stepping ~*~*~tactically~*~*~ (stealth).
 11085 | D:10     | 11085 ||| Stepping ~*~*~tactically~*~*~ (stealth).
 11284 | D:10     | 11284 ||| PLANNING LAIR
 11284 | D:10     | 11284 ||| DROPPING +6 ring of intelligence.
 11325 | Lair:1   | Entered Level 1 of the Lair of Beasts
 11352 | Lair:1   | 11352 ||| INVOKING Berserk.
 11477 | Lair:1   | 11477 ||| READING scroll of brand weapon.
 11477 | Lair:1   | 11477 ||| BRANDING +1 vorpal war axe.
 11478 | Lair:1   | 11478 ||| DROPPING +1 flail of protection.
 11494 | Lair:1   | Reached skill level 3 in Throwing
 11517 | Lair:1   | Noticed a death yak
 11518 | Lair:1   | 11518 ||| INVOKING Brothers in Arms.
 11520 | Lair:1   | Noticed a six-headed hydra
 11523 | Lair:1   | 11523 ||| INVOKING Berserk.
 11525 | Lair:1   | Killed a six-headed hydra
 11526 | Lair:1   | Killed a death yak
 11530 | Lair:1   | Reached skill level 12 in Armour
 11649 | Lair:1   | Reached XP level 12. HP: 126/126 MP: 11/11
 11661 | Lair:1   | Noticed an eight-headed hydra
 11665 | Lair:1   | 11665 ||| INVOKING Berserk.
 11669 | Lair:1   | Killed a six-headed hydra
 11839 | Lair:1   | 11839 ||| INVOKING Berserk.
 12117 | Lair:1   | 12117 ||| UPGRADING to amulet of reflection.
 12127 | Lair:1   | 12127 ||| DROPPING amulet of guardian spirit.
 12128 | Lair:1   | 12128 ||| READING scroll labelled PEIBAB ETHAFU.
 12129 | Lair:1   | 12129 ||| READING scroll labelled QORGHU GIZXANA.
 12146 | Lair:2   | 12146 ||| PLANNING GAUNTLET
 12165 | Lair:2   | Found a gate leading to a gauntlet.
 12166 | Lair:2   | 12166 ||| UPGRADING to +0 buckler.
 12179 | Gauntlet | Entered a Gauntlet
 12179 | Gauntlet | Found a transporter.
 12179 | Gauntlet | Found a transporter.
 12182 | Gauntlet | Found a transporter.
 12183 | Gauntlet | Found a transporter.
 12184 | Gauntlet | Found a transporter.
 12193 | Gauntlet | Found a transporter.
 12260 | Gauntlet | Found a transporter.
 12272 | Gauntlet | Found a transporter.
 12286 | Gauntlet | Found a transporter.
 12296 | Gauntlet | Found a transporter.
 12311 | Gauntlet | Found a transporter.
 12317 | Gauntlet | Found a transporter.
 12389 | Gauntlet | Reached skill level 1 in Shields
 12393 | Gauntlet | Reached skill level 3 in Shields
 12400 | Gauntlet | 12400 ||| INVOKING Berserk.
 12404 | Gauntlet | HP: 47/189 [something (2)]
 12405 | Gauntlet | HP: 4/189 [poison (dark miasma)]
 12406 | Gauntlet | Succumbed to poison (dark miasma)

Levels and vault maps discovered:
D:1:      roderic_crossed_star, layout_basic
D:2:      layout_rooms, ebering_ecumenical_altar_box, basic_altar
D:3:      layout_basic, lemuel_coloured_pillars_altar, gup_sewer_entry_glass,
          hex_intersection, st_stairs_2
D:4:      layout_cave_pools, yredelemnul_forgotten_temple_becter,
          kennysheep_generic_room_9, uniq_pikel, uniq_grinder,
          uniq_blork_the_orc
D:5:      layout_basic, mainiacjoe_overflow_cross_hatched, serial_demonic,
          serial_demonic_b, serial_demonic_d, serial_demonic_a, serial_demonic_f
D:6:      minmay_diamond_boxcup, layout_basic, uniq_menkaure
D:7:      layout_loops_corners, gammafunk_temple_overflow_statue,
          minmay_temple_entry_statues_pillars
D:8:      layout_loops_ring, nicolae_ossuary_entry_ruins
D:9:      lemuel_bear_cage, layout_rooms, serial_shops, shop_statue, uniq_harold
D:10:     layout_roguey, lair_entry_dummy
Lair:1:   layout_big_grid, st_stairs_4
Lair:2:   layout_misc_corridors, hellmonk_spider_entry_life_and_decay,
          gauntlet_entry_generic, ebering_ghost_funeral_grove, minivault_24,
          serial_bayou_crossing, infiniplex_staircase_pool_2
Gauntlet: gammafunk_gauntlet_shortcut [gammafunk_gauntlet_arena_arrow_garden,
          gammafunk_gauntlet_arena_spirals, nicolae_gauntlet_arena_grate_2,
          nicolae_gauntlet_arena_blocks, gammafunk_gauntlet_arena_mazey,
          gammafunk_gauntlet_arena_split_diamond,
          dreamdust_gauntlet_exit_labyrinth]

Skill      XL: |  1  2  3  4  5  6  7  8  9 10 11 12 |
---------------+-------------------------------------+-----
Axes           | 4 5 6 7 15 16 | 16.0
Fighting       | 4 5 7 8 9 11 13 | 13.5
Armour         | 3 5 7 9 12 | 12.0
Dodging        | 3 4 5 |  5.4
Throwing       | 2 3 |  3.4
Shields        | 4 |  4.7

Action                   |  1- 3 |  4- 6 |  7- 9 | 10-12 || total
-------------------------+-------+-------+-------+-------++-------
Melee: Hand axe          |    69 |    89 |       |       ||   158
       Headbutt          |     4 |    16 |    40 |    68 ||   128
       War axe           |       |    18 |   225 |   318 ||   561
       Punch             |       |       |     1 |     4 ||     5
       Bite              |       |       |    12 |     3 ||    15
       Flail             |       |       |       |     8 ||     8
Throw: Boomerang         |     7 |       |       |    46 ||    53
       Javelin           |       |       |       |    17 ||    17
Invok: Berserk           |       |     1 |     9 |    11 ||    21
       Trog's Hand       |       |       |     1 |       ||     1
       Brothers in Arms  |       |       |       |     3 ||     3
  Use: Scroll            |     5 |     5 |     7 |     9 ||    26
       Potion            |       |     3 |     5 |     3 ||    11
Armor: Scale mail        |    10 |       |       |       ||    10
       Animal skin       |     1 |       |       |       ||     1
       Chain mail        |    13 |    41 |    46 |    20 ||   120
       Plate armour      |       |       |       |    63 ||    63
Dodge: Dodged            |    31 |    74 |    72 |   150 ||   327
Block: Buckler           |       |       |       |    15 ||    15

Table legend:
 A = Non-vault XP
 B = Vault XP
 C = Vault XP percentage of total XP
 D = Non-vault monster count
 E = Vault monster count
 F = Vault count percentage of total count
                 A         B        C        D         E       F
            +---------+---------+-------+---------+---------+-------
      Total |   19901 |    6589 |  24.9 |     233 |     100 |  30.0
            +---------+---------+-------+---------+---------+-------
        D:1 |      29 |       0 |   0.0 |      16 |       0 |   0.0
        D:2 |      41 |       0 |   0.0 |      10 |       0 |   0.0
        D:3 |      32 |      47 |  59.5 |      17 |       7 |  29.2
        D:4 |     633 |     999 |  61.2 |      29 |       5 |  14.7
        D:5 |     896 |     193 |  17.7 |      15 |       8 |  34.8
        D:6 |     514 |     693 |  57.4 |      17 |      11 |  39.3
        D:7 |    1696 |       0 |   0.0 |      21 |       0 |   0.0
        D:8 |    3184 |       0 |   0.0 |      34 |       0 |   0.0
        D:9 |    3678 |     889 |  19.5 |      22 |       1 |   4.3
       D:10 |    2771 |       0 |   0.0 |      20 |       0 |   0.0
     Lair:1 |    6427 |     968 |  13.1 |      32 |       2 |   5.9
      Sewer |       0 |     126 | 100.0 |       0 |      30 | 100.0
    Ossuary |       0 |     303 | 100.0 |       0 |      31 | 100.0
   Gauntlet |       0 |    2371 | 100.0 |       0 |       5 | 100.0
            +---------+---------+-------+---------+---------+-------
